 Dungeon Crawl Stone Soup version 0.18.1-5-g4a78601 (webtiles) character file.

275 buf2 the Bolt Thrower (level 6, -2/41 HPs)
             Began as a High Elf Hunter on May 13, 2016.
             Was an Initiate of the Shining One.
             Slain by a gnoll
             ... wielding a +0 spear
              (3 damage)
             ... on level 3 of the Dungeon.
             The game lasted 00:31:56 (3635 turns).

buf2 the Bolt Thrower (High Elf Hunter)             Turns: 3635, Time: 00:31:57

Health: -2/41      AC:  4    Str:  9 (12) XL:     6   Next: 3%
Magic:  7/7        EV: 13    Int: 17 (20) God:    the Shining One [......]
Gold:   137        SH:  0    Dex: 16 (17) Spells: 0 memorised, 5 levels left

rFire  . . .     SeeInvis .     w - -1 dagger (curse)
rCold  . . .     Gourm    .     k - +0 troll leather armour
rNeg   . . .     Faith    .     (no shield)
rPois  .         Spirit   .     (no helmet)
rElec  .         Dismiss  .     (no cloak)
rCorr  .         Reflect  .     (no gloves)
SustAt .         Harm     .     (no boots)
MR     .....                    (no amulet)
Stlth  +.........               (no ring)
                                (no ring)

@: brilliant, flying, glowing, not resistant to hostile enchantments, very
unstealthy
A: no striking features
a: Renounce Religion


You were on level 3 of the Dungeon.
You worshipped the Shining One.
The Shining One was noncommittal.
You were not hungry.

You visited 1 branch of the dungeon, and saw 3 of its levels.

You collected 137 gold pieces.

Inventory:

Hand Weapons
 a - a +1 hand crossbow
 b - a +0 short sword
 d - a +0 whip
 e - a +0 hand axe
 s - a +1 hunting sling
 w - a cursed -1 dagger (weapon)
 y - a +0 spear
Missiles
 j - 7 sling bullets
 l - 95 stones (quivered)
Armour
 c - a +0 leather armour
 g - a +0 robe
 i - a +0 pair of gloves
 k - a +0 troll leather armour (worn)
 n - a +0 leather armour
 t - a cursed +0 helmet
 v - a +3 ring mail of cold resistance
Jewellery
 p - an uncursed ring of fire
Wands
 h - a wand of iceblast (8/15)
 u - a wand of iceblast (0/15)
Scrolls
 A - a scroll of identify
Potions
 o - a potion of flight
Comestibles
 f - 3 bread rations
 m - 2 meat rations
 z - a beef jerky


   Skills:
 + Level 2.4 Fighting
 + Level 1.6 Short Blades
 + Level 0.1 Slings
 + Level 5.4 Crossbows
 + Level 2.2 Armour
 + Level 3.5 Dodging
 + Level 1.6 Stealth
 + Level 0.4 Evocations


You had 5 spell levels left.
You didn't know any spells.

Dungeon Overview and Level Annotations

Branches:
Dungeon (3/15)

Altars:
Fedhas
Kikubaaqudgha
Okawaru
The Shining One

Annotations:
D:3 Terence


Message History

* * * LOW HITPOINT WARNING * * *
The hobgoblin hits you with a club.
* * * LOW HITPOINT WARNING * * *
The hobgoblin hits you with a club.
* * * LOW HITPOINT WARNING * * *
The gnoll barely misses you.
Read which item? (? for menu, Esc to quit)
Okay, then.
Drink which item? (? for menu, Esc to quit)
Okay, then.
You hit Terence.
Terence is lightly wounded.
The orc barely misses you. The orc completely misses you.
The hobgoblin closely misses you.
You hit Terence but do no damage.
Terence is lightly wounded.
Terence hits you with a flail.
* * * LOW HITPOINT WARNING * * *
The gnoll hits you from afar with a spear.
You die...

≈≈≈≈≈≈≈≈≈≈≈≈≈≈≈≈≈≈≈≈≈≈≈...)≈≈≈≈≈≈
≈≈≈≈≈≈≈≈≈≈≈≈≈≈≈≈≈≈≈≈≈≈≈.....≈≈≈≈≈
########################''#######
.... #....# ..... #.g..#
.....#########g...##
.....)gOg.!.#......#o
.....gggog.oo...o..'...
.....g@@o...#......#...
.....#########....##### .....
#....# .... #....# ### ######


You could see an ogre, Terence, a gnoll, 4 orcs, 4 hobgoblins and 2 goblins.

Vanquished Creatures
  A jelly (D:3)
  Ijyb (D:3)
  Natasha (twice) (D:3)
  Robin (D:3)
  4 adders
  3 gnolls (D:3)
  2 oozes
  2 worms
  3 giant geckos
  An orc (D:3)
  17 goblins
  4 hobgoblins
  8 jackals (D:2)
  9 kobolds
  A quokka (D:2)
  7 bats
  13 giant newts (D:1)
  7 rats
86 creatures vanquished.

Notes
Turn   | Place    | Note
--------------------------------------------------------------
     0 | D:1      | buf2 the High Elf Hunter began the quest for the Orb.
     0 | D:1      | Reached XP level 1. HP: 14/14 MP: 2/2
   152 | D:1      | Reached XP level 2. HP: 19/19 MP: 3/3
   687 | D:1      | Reached XP level 3. HP: 24/24 MP: 4/4
   839 | D:1      | Reached skill level 1 in Armour
  1533 | D:2      | Reached XP level 4. HP: 21/29 MP: 5/5
  1743 | D:2      | Found a blossoming altar of Fedhas.
  1752 | D:2      | Found an iron altar of Okawaru.
  1761 | D:2      | Found a glowing golden altar of the Shining One.
  1770 | D:2      | Found an ancient bone altar of Kikubaaqudgha.
  1943 | D:2      | Reached skill level 5 in Crossbows
  2136 | D:2      | Became a worshipper of the Shining One
  2223 | D:3      | Reached skill level 1 in Short Blades
  2253 | D:3      | Reached XP level 5. HP: 34/34 MP: 6/6
  2288 | D:3      | Noticed Natasha
  2293 | D:3      | Killed Natasha
  2769 | D:3      | Noticed Robin
  2963 | D:3      | Killed Robin
  2976 | D:3      | Noticed Ijyb
  3267 | D:3      | Killed Ijyb
  3381 | D:3      | Noticed an ogre
  3500 | D:3      | Noticed Natasha
  3537 | D:3      | Killed Natasha
  3537 | D:3      | Reached XP level 6. HP: 19/41 MP: 7/7
  3628 | D:3      | Noticed Terence
  3631 | D:3      | The Shining One protects you from harm!
  3633 | D:3      | HP: 2/41 [hobgoblin/club (4)]
  3635 | D:3      | Slain by a gnoll

Skill      XL: |  1  2  3  4  5 |
---------------+----------------+-----
Armour         | 1 2 |  2.2
Crossbows      | 5 |  5.4
Short Blades   | 1 |  1.6
Dodging        | 3 |  3.5
Fighting       | |  2.4
Slings         | |  0.1
Stealth        | |  1.6
Evocations     | |  0.4

Action                   |  1- 3 |  4- 6 || total
-------------------------+-------+-------++-------
Melee: Short sword       |    62 |   162 ||   224
       Dagger            |       |   249 ||   249
 Fire: Hand crossbow     |    57 |    23 ||    80
       Hunting sling     |       |    16 ||    16
Throw: Stone             |       |    18 ||    18
       Throwing net      |       |     2 ||     2
Evoke: Wand              |       |     4 ||     4
  Use: Scroll            |     6 |     6 ||    12
       Potion            |     2 |     5 ||     7
  Eat: Chunk             |     2 |     7 ||     9
Armor: Leather armour    |    16 |       ||    16
       Troll leather arm |       |    91 ||    91
Dodge: Dodged            |    35 |   261 ||   296
